AoeStats
← ME_DEPRIME_JUGAR_CON_USTEDES

Hill Fort

506790469Analyzed
4v4 RM · 16d ago on Sep 15, 2026· 36m 23s· 8 players
Game mode
Random Map
Map size
Large (8 player)
Population
200
Speed
Normal
Resources
Standard
Victory
Conquest
Starting age
Dark Age
Ending age
Imperial Age
RankedLock teamsTeams togetherTeam positionsShared explorationLock speedFull tech treeHidden civsTurbo modeCheats
Victory
Defeat
🇦🇷 Maya · Argentina
1517
+14
🇦🇷 Romans · Argentina
1453
+16
🇦🇷 Teutons · Argentina
1364
+20
🇦🇷 Spanish · Argentina
1325
+20
🇺🇸 Romans · United States
1494
-19
🇨🇳 Spanish · China
1470
-18
🇺🇸 Britons · United States
1425
-17
🇦🇺 Ethiopians · Australia
1420
-16
Morningstar
3:45 Loom
10:47 Feudal Age
11:35 Horse Collar
11:43 Double-Bit Axe
18:14 Castle Age
17:30 Gold Mining
19:06 Bow Saw
18:58 Heavy Plow
19:55 Gold Shaft Mining
20:52 Wheelbarrow
20:26 Stone Mining
22:05 Hand Cart
22:05 Loom
22:07 Town Watch
25:31 Fervor
28:16 Imperial Age
29:03 Scale Mail Armor
29:14 Forging
29:57 Crop Rotation
30:19 Squires
29:39 Man-at-Arms
30:36 Chain Mail Armor
31:39 Iron Casting
31:09 Long Swordsman
32:14 Comitatenses
32:45 Conscription
33:45 Blast Furnace
32:29 Legionary
36:06 Fletching
Polestar
7:53 Loom
11:25 Feudal Age
15:22 Castle Age
14:04 Double-Bit Axe
15:11 Horse Collar
17:08 Fletching
25:05 Bow Saw
26:39 Bodkin Arrow
26:48 Heavy Plow
26:43 Gold Mining
26:44 Stone Mining
27:24 Ballistics
28:41 Wheelbarrow
33:30 Imperial Age
31:32 Padded Archer Armor
33:02 Yeomen
33:02 Leather Archer Armor
34:27 Gold Shaft Mining
34:01 Elite Longbowman
34:47 Bracer
36:14 Ring Archer Armor
36:46 Chemistry
SpawnShark
7:04 Loom
9:24 Feudal Age
10:03 Double-Bit Axe
16:42 Horse Collar
19:55 Castle Age
18:33 Gold Mining
18:28 Horse Collar
21:11 Bow Saw
21:05 Heavy Plow
21:04 Light Cavalry
23:04 Fletching
25:33 Town Watch
阿伟
11:20 Feudal Age
15:06 Castle Age
19:51 Horse Collar
21:22 Double-Bit Axe
24:35 Bow Saw
24:40 Padded Archer Armor
25:01 Loom
25:52 Wheelbarrow
25:02 Town Watch
27:17 Hand Cart
27:07 Heavy Plow
28:50 Gold Mining
28:53 Stone Mining
33:43 Imperial Age
33:23 Husbandry
33:33 Bloodlines
33:29 Scale Barding Armor
33:35 Forging
33:46 Cavalier
34:49 Chain Barding Armor
35:05 Iron Casting
36:37 Conscription
37:01 Plate Barding Armor
37:27 Blast Furnace
350 pero pregriloso
11:08 Feudal Age
9:54 Loom
15:57 Castle Age
14:59 Double-Bit Axe
14:58 Horse Collar
15:34 Gold Mining
18:41 Loom
20:47 Padded Archer Armor
23:09 Leather Archer Armor
27:55 Wheelbarrow
31:07 Hand Cart
34:33 Imperial Age
33:33 Husbandry
33:44 Bloodlines
33:36 Light Cavalry
35:06 Cavalier
35:51 Hussar
37:05 Conscription
JLoops
10:51 Feudal Age
14:59 Castle Age
13:41 Horse Collar
14:53 Double-Bit Axe
18:46 Bow Saw
19:56 Loom
21:12 Heavy Plow
22:55 Wheelbarrow
22:50 Fletching
24:16 Gold Mining
25:28 Hand Cart
27:02 Town Watch
30:17 Imperial Age
29:04 Gold Shaft Mining
30:31 Bodkin Arrow
30:22 Man-at-Arms
31:02 Squires
31:03 Scale Mail Armor
31:26 Comitatenses
31:26 Conscription
31:42 Crop Rotation
31:04 Stone Mining
31:04 Long Swordsman
31:56 Forging
33:03 Ballistas
33:19 Fortified Wall
34:09 Chemistry
32:40 Legionary
34:07 Chain Mail Armor
34:28 Iron Casting
34:00 Heavy Scorpion
37:10 Blast Furnace
36:31 Ballistics
36:36 Masonry
ME_DEPRIME_JUGAR_CON_USTEDES
0:27 Loom
12:20 Feudal Age
16:22 Castle Age
15:13 Double-Bit Axe
15:46 Horse Collar
17:49 Wheelbarrow
17:32 Bow Saw
17:42 Fletching
20:00 Padded Archer Armor
21:46 Padded Archer Armor
21:41 Gold Mining
24:53 Bodkin Arrow
30:04 Ballistics
30:37 Leather Archer Armor
37:55 Imperial Age
Nikems
10:52 Feudal Age
10:14 Loom
15:29 Castle Age
13:36 Horse Collar
17:06 Town Watch
18:38 Wheelbarrow
20:44 Stone Mining
21:07 Double-Bit Axe
25:36 Squires
30:30 Hand Cart
32:45 Scale Mail Armor
32:55 Forging
36:15 Imperial Age
34:34 Scale Barding Armor
35:37 Bloodlines
35:52 Chain Barding Armor
36:07 Iron Casting
35:49 Heavy Plow
Connection lost

Rejoining the realm…

Still unreachable

The connection could not be restored.

Session expired

The server has moved on; the page needs a fresh start.